 Dungeon Crawl Stone Soup version 0.21.0-26-g889b8f6 (webtiles) character file.

415 wojtek the Reanimator (level 6, 0/41 HPs)
             Began as a Demonspawn Necromancer on Jan 27, 2018.
             Slain by a centaur skeleton (3 damage)
             ... on level 4 of the Dungeon.
             The game lasted 00:09:59 (6416 turns).

wojtek the Reanimator (Demonspawn Necromancer)      Turns: 6416, Time: 00:10:00

Health: 0/41       AC:  5    Str:  9    XL:     6   Next: 60%
Magic:  9/9        EV: 12    Int: 18    God:
Gold:   130        SH:  0    Dex: 13    Spells: 8/9 levels left

rFire    . . .     SeeInvis .   f - +0 dagger
rCold    . . .     Gourm    .   (no shield)
rNeg     . . .     Faith    .   a - +0 robe
rPois    .         Spirit   .   l - +0 helmet
rElec    .         Reflect  .   (no cloak)
rCorr    .         Harm     .   (no gloves)
MR       .....                  (no boots)
Stlth    ++........             (no amulet)
HPRegen  0.13/turn              (no ring)
MPRegen  0.11/turn              (no ring)

@: no status effects
A: iridescent scales 1
a: no special abilities


You were on level 4 of the Dungeon.
You were not hungry.

You visited 1 branch of the dungeon, and saw 4 of its levels.

You collected 130 gold pieces.

Inventory:

Hand Weapons
 f - a +0 dagger (weapon)
Armour
 a - a +0 robe (worn)
 l - a +0 helmet (worn)
 m - a +0 ring mail
Scrolls
 d - 2 scrolls of remove curse {unknown}
 e - 9 scrolls of identify {unknown}
 i - 3 scrolls of immolation {unknown}
 j - 2 scrolls of teleportation {unknown}
 k - a scroll of random uselessness {unknown}
 n - a scroll of enchant armour {unknown}
 p - a scroll of blinking {unknown}
Potions
 g - 6 potions of curing
 h - a potion of agility {unknown}
 o - a potion of degeneration {unknown}
Books
 b - a book of Necromancy

   Spells                             Type                      Level
   a - Pain                           Necromancy                   1
   b - Animate Skeleton               Necromancy                   1
   c - Vampiric Draining              Necromancy                   3
   d - Regeneration                   Charms/Necromancy            3
   e - Animate Dead                   Necromancy                   4
   f - Borgnjor's Vile Clutch         Necromancy/Earth             5
Comestibles
 c - 7 rations


   Skills:
 - Level 1.7 Dodging
 - Level 1.7 Stealth
 - Level 2.0 Spellcasting
 + Level 8.8 Necromancy


You had 8 spell levels left.
You knew the following spells:

 Your Spells              Type           Power        Failure   Level  Hunger
a - Pain                  Necr           ####         1%          1    #......


Dungeon Overview and Level Annotations

Branches:
Dungeon (4/15)
 Temple: D:4-7

Altars:
Gozag
Okawaru

Annotations:
D:3 Sigmund; p0werm0de's ghost, weakling VSEE
D:4 Amaterasu's ghost, amateur DrTm


Innate Abilities, Weirdness & Mutations

You are partially covered in iridescent scales. (AC +2)


Message History

The centaur skeleton hits you but does no damage.
The centaur skeleton hits you.
* * * LOW HITPOINT WARNING * * *
You hit the centaur skeleton.
The centaur skeleton is severely damaged.
The centaur skeleton barely misses you.
You hit the centaur skeleton.
The centaur skeleton is severely damaged.
The centaur skeleton misses you.
You hit the centaur skeleton.
The centaur skeleton is almost destroyed.
The centaur skeleton hits you.
* * * LOW HITPOINT WARNING * * *
The centaur skeleton hits you.
* * * LOW HITPOINT WARNING * * *
The centaur skeleton closely misses you.
The adder zombie bites you.
* * * LOW HITPOINT WARNING * * *
The centaur skeleton hits you.
You die...

#.§.§. #...# ...........###.#
#.§.. #...##............###.#
#.§.. #...##....#.......##..#
#....##...##....#.......#....
#####.....##....#............
#...#.#........#.....##......
#.....#........)..####.......
#..........Z.................
#...######ZZ@....#...........
#... ######.##...........
#... ##...#............ #..
##..###............ ###
#..###.............
#.####............#
#####........#.########
#........#.###.# #####
#....#####.#...####....


You could see an adder zombie, a centaur zombie and a centaur skeleton.

Vanquished Creatures
  An ogre (D:3)
  A bullfrog skeleton (D:4)
  Natasha (thrice) (D:3)
  2 hound zombies (D:4)
  Robin (D:1)
  2 worker ant zombies (D:4)
  6 adders
  3 gnolls
  2 oozes
  2 adder skeletons (D:4)
  A worm (D:2)
  A dart slug (D:1)
  3 leopard geckos
  An orc (D:3)
  3 giant cockroaches
  7 goblins
  12 hobgoblins
  2 quokkas
  3 ball pythons
  2 bats
  8 frilled lizards
  4 kobolds
  A leopard gecko zombie (D:4)
  8 rats
79 creatures vanquished.

Notes
Turn   | Place    | Note
-------+----------+-------------------------------------------
     0 | D:1      | wojtek the Demonspawn Necromancer began the quest for the Orb.
     0 | D:1      | Reached XP level 1. HP: 13/13 MP: 3/3
   740 | D:1      | Gained mutation: You are partially covered in iridescent scales. (AC +2) [demonic ancestry]
   740 | D:1      | Reached XP level 2. HP: 18/19 MP: 1/5
   769 | D:1      | Reached skill level 5 in Necromancy
  1777 | D:2      | Reached XP level 3. HP: 22/24 MP: 6/6
  1784 | D:2      | Noticed Robin
  2143 | D:1      | Killed Robin
  2411 | D:2      | Found an iron altar of Okawaru.
  2459 | D:2      | Reached skill level 6 in Necromancy
  2655 | D:2      | Reached XP level 4. HP: 27/30 MP: 4/7
  3449 | D:3      | Noticed an ogre
  3597 | D:3      | Found an opulent altar of Gozag.
  3671 | D:3      | Noticed p0werm0de's ghost (weakling VSEE)
  3888 | D:4      | Noticed Amaterasu's ghost (amateur DrTm)
  3957 | D:3      | Noticed Natasha
  4083 | D:3      | Killed Natasha
  4083 | D:3      | Reached skill level 7 in Necromancy
  4083 | D:3      | Reached XP level 5. HP: 34/35 MP: 5/8
  4277 | D:3      | Noticed Natasha
  4283 | D:3      | Killed Natasha
  4333 | D:3      | Noticed Natasha
  4339 | D:3      | Killed Natasha
  4908 | D:4      | Reached skill level 8 in Necromancy
  5071 | D:4      | Reached XP level 6. HP: 27/41 MP: 9/9
  5554 | D:3      | Noticed Sigmund
  6416 | D:4      | Slain by a centaur skeleton

Skill      XL: |  1  2  3  4  5 |
---------------+----------------+-----
Necromancy     | 5 6 7 8 |  8.8
Dodging        | |  1.7
Stealth        | |  1.7
Spellcasting   | |  2.0

Action                   |  1- 3 |  4- 6 || total
-------------------------+-------+-------++-------
Melee: Club              |    10 |       ||    10
       Dagger            |    68 |   208 ||   276
 Cast: Pain              |    48 |    93 ||   141
  Use: Potion            |       |     1 ||     1
 Stab: Sleeping          |     2 |       ||     2
  Eat: Chunk             |     6 |     7 ||    13
       Ration            |       |     2 ||     2
Armor: Robe              |    23 |    67 ||    90
Dodge: Dodged            |    49 |   163 ||   212
